 Dungeon Crawl Stone Soup version 0.19-a0-1238-gee6bd96 (webtiles) character file.

113 inmateoo the Cudgeler (level 4, -4/38 HPs)
             Began as a Draconian Fighter on Aug 26, 2016.
             Killed from afar by an orc wizard (5 damage)
             ... with a magic dart
             ... on level 3 of the Dungeon.
             The game lasted 00:01:50 (2040 turns).

inmateoo the Cudgeler (Draconian Fighter)           Turns: 2040, Time: 00:01:51

Health: -4/38      AC:  5    Str: 24    XL:     4   Next: 65%
Magic:  4/4        EV: 10    Int:  8    God:
Gold:   58         SH:  9    Dex: 11    Spells: 0 memorised, 3 levels left

rFire  . . .     SeeInvis .     g - +2 dagger (elec)
rCold  . . .     Gourm    .     (armour unavailable)
rNeg   . . .     Faith    .     b - +0 shield
rPois  .         Spirit   .     (helmet restricted)
rElec  .         Dismiss  .     (no cloak)
rCorr  .         Reflect  .     (no gloves)
MR     .....     Harm     .     (no boots)
Stlth  +.........               (no amulet)
                                (no ring)
                                (no ring)

@: mighty
A: unfitting armour, cold-blooded, AC +5
a: no special abilities


You were on level 3 of the Dungeon.
You were not hungry.

You visited 1 branch of the dungeon, and saw 3 of its levels.

You collected 58 gold pieces.

Inventory:

Hand Weapons
 a - a +0 flail
 g - a +2 dagger of electrocution (weapon)
Armour
 b - a +0 shield (worn)
Scrolls
 h - 4 scrolls of remove curse
Potions
 e - 2 potions of agility {unknown}
 i - a potion of brilliance {unknown}
 j - 2 potions of degeneration {unknown}
Comestibles
 d - 4 bread rations
 f - a chunk of flesh


   Skills:
 - Level 3.2 Fighting
 * Level 4.9 Maces & Flails
 - Level 2.6 Dodging
 - Level 3.0 Shields


You had 3 spell levels left.
You didn't know any spells.

Dungeon Overview and Level Annotations

Branches:
Dungeon (3/15)

Altars:


Innate Abilities, Weirdness & Mutations

Your plain brown scales are hard. (AC +5)
Your body does not fit into most forms of armour.
You are cold-blooded and may be slowed by cold attacks.


Message History

* * * LOW HITPOINT WARNING * * *
The orc hits you.
* * * LOW HITPOINT WARNING * * *
The orc wizard hits you with a dagger.
* * * LOW HITPOINT WARNING * * *
You barely miss the orc wizard.
The orc wizard is lightly wounded.
You block the orc wizard's attack. The orc hits you.
* * * LOW HITPOINT WARNING * * *
Unknown command.
You miss the orc wizard.
The orc wizard is lightly wounded.
The orc wizard barely misses you. You block the orc's attack.
The orc wizard closely misses you.
Unknown command.
You barely miss the orc wizard.
The orc wizard is lightly wounded.
The orc wizard casts a spell at you. The magic dart hits you!
You die...

#......# .# #......##..
#........ ## .#......#
#......# .. .........
#....†.###.## .........
#####..............#...
#o.#.#..#..#.......
#o##.#..#..........
#o@).#.............
#.##.#)...........(
########.##.#....#........
.....................#....
########..##..#...........
#..........##......
##.......####......
####.............#
#########.###.#


You could see an orc wizard and 2 orcs.

Vanquished Creatures
  An orc priest (D:3)
  3 adders
  2 dart slugs
  2 giant geckos
  An orc (D:3)
  3 giant cockroaches
  3 goblins
  7 hobgoblins
  7 jackals
  7 kobolds
  2 ball pythons
  7 bats
  A rat (D:1)
46 creatures vanquished.

Notes
Turn   | Place    | Note
-------+----------+-------------------------------------------
     0 | D:1      | inmateoo the Draconian Fighter began the quest for the Orb.
     0 | D:1      | Reached XP level 1. HP: 19/19 MP: 1/1
    65 | D:1      | Reached XP level 2. HP: 16/26 MP: 2/2
   263 | D:1      | Reached skill level 3 in Maces & Flails
   983 | D:2      | Reached XP level 3. HP: 31/31 MP: 3/3
  1367 | D:2      | Reached skill level 4 in Maces & Flails
  1893 | D:3      | Reached XP level 4. HP: 34/38 MP: 4/4
  2038 | D:3      | HP: 1/38 [orc (3)]
  2040 | D:3      | Killed from afar by an orc wizard

Vault maps used:
D:1:      dpeg_arrival_rhombus
D:2:      first_bread
D:3:      kennysheep_pointless_box, serial_bayou_crossing

Skill      XL: |  1  2  3 |
---------------+----------+-----
Maces & Flails | 3 4 |  4.9
Fighting       | |  3.2
Dodging        | |  2.6
Shields        | |  3.0

Action                   |  1- 3 |  4- 6 || total
-------------------------+-------+-------++-------
Melee: Flail             |    38 |       ||    38
       Tailslap          |    10 |     2 ||    12
       Dagger            |    82 |    36 ||   118
  Use: Scroll            |     3 |       ||     3
       Potion            |       |     2 ||     2
  Eat: Chunk             |     3 |     1 ||     4
Armor: Skin              |    45 |     8 ||    53
Dodge: Dodged            |    71 |    17 ||    88
Block: Shield            |    71 |    21 ||    92
